 Dungeon Crawl Stone Soup version 0.19-a0-1037-g36c65c9 (webtiles) character file.

20295 towersofbeng the Fencer (level 12, -13/103 HPs)
             Began as a Minotaur Gladiator on July 30, 2016.
             Was the Champion of Okawaru.
             Mangled by a white ugly thing (14 damage)
             ... on level 13 of the Dungeon.
             The game lasted 00:28:24 (8158 turns).

towersofbeng the Fencer (Minotaur Gladiator)        Turns: 8158, Time: 00:28:25

Health: -13/103    AC: 21    Str: 31    XL:     12   Next: 44%
Magic:  11/11      EV:  9    Int:  8    God:    Okawaru [******]
Gold:   368        SH: 14    Dex: 11    Spells: 1 memorised, 10 levels left

rFire  . . .     SeeInvis .     c - +6 long sword of the Gloaming {venom, Str+4 Stlth+}
rCold  + . .     Gourm    .     q - +3 chain mail
rNeg   . . .     Faith    .     y - +2 shield
rPois  .         Spirit   .     n - +2 hat
rElec  .         Dismiss  .     (no cloak)
rCorr  .         Reflect  .     Q - +2 pair of gloves {Str+3}
SustAt .         Harm     .     G - +0 pair of boots
MR     .....                    (no amulet)
Stlth  ..........               (no ring)
                                k - ring of protection from cold

@: not resistant to hostile enchantments, extremely unstealthy
A: retaliatory headbutt, horns 2, clever 1, frail 1
a: Heroism, Finesse, Renounce Religion


You were on level 13 of the Dungeon.
You worshipped Okawaru.
Okawaru was exalted by your worship.
You were not hungry.

You visited 2 branches of the dungeon, and saw 15 of its levels.

You collected 368 gold pieces.

Inventory:

Hand Weapons
 a - a +0 long sword
 c - the +6 long sword of the Gloaming (weapon) {venom, Str+4 Stlth+}
   (You found it on level 13 of the Dungeon)

   It poisons the flesh of those it strikes.
   It affects your strength (+4).
   It makes you more stealthy.
 e - a +1 dagger of speed
 h - a +0 scimitar
 j - a +0 long sword
 v - a +3 great sword of freezing
 H - a +1 great sword of protection
 L - the +3 quarterstaff of Sooseor {antimagic, *Confuse rElec rPois rF+}
   (You found it on level 11 of the Dungeon)

   It reduces the magical energy of the wielder, and disrupts the spells and
   magical abilities of those hit.
   Natural abilities and divine invocations are not affected.
   It protects you from fire.
   It insulates you from electricity.
   It protects you from poison.
   It may confuse you when you take damage.
 M - a +3 falchion
Missiles
 d - a throwing net (quivered)
Armour
 n - a +2 hat (worn)
 q - a +3 chain mail (worn)
 y - a +2 shield (worn)
 G - a +0 pair of boots (worn)
 P - the +0 pair of gloves of Responsibility {rPois rC+ rN+}
   (You found it on level 14 of the Dungeon)

   It protects you from cold.
   It protects you from poison.
   It protects you from negative energy.
 Q - a +2 pair of gloves of strength (worn)
Jewellery
 k - a ring of protection from cold (left hand)
Wands
 b - a wand of confusion (17/48)
 m - a wand of teleportation (3/9)
 t - a wand of lightning (11/15)
 w - a wand of confusion (19/48)
 x - a wand of confusion (31/48)
 B - a wand of iceblast (11/15)
 E - a wand of polymorph (13/24)
 K - a wand of random effects (26/48)
Scrolls
 g - a scroll of amnesia
 i - 2 scrolls of enchant weapon {unknown}
 p - 2 scrolls of recharging {unknown}
 r - 3 scrolls of teleportation {unknown}
 s - a scroll of enchant armour {unknown}
 u - a scroll of blinking {unknown}
 A - a scroll of magic mapping {unknown}
 D - a scroll of remove curse
 J - a scroll of noise {unknown}
 N - 3 scrolls of identify
Potions
 C - a potion of brilliance
Books
 z - a book of Beasts

   Spells                             Type                      Level
   a - Summon Butterflies             Summoning                    1
   b - Call Canine Familiar           Summoning                    3
   c - Summon Ice Beast               Ice/Summoning                4
   d - Summon Mana Viper              Hexes/Summoning              5
   e - Summon Hydra                   Summoning                    7
 I - a book of Air

   Spells                             Type                      Level
   a - Shock                          Conjuration/Air              1
   b - Swiftness                      Charms/Air                   2
   c - Repel Missiles                 Charms/Air                   2
   d - Static Discharge               Conjuration/Air              3
   e - Lightning Bolt                 Conjuration/Air              5
Comestibles
 f - 7 bread rations
 l - 3 beef jerkies


   Skills:
 + Level 13.0 Fighting
 + Level 16.3 Long Blades
 - Level 2.0 Throwing
 - Level 9.5 Armour
 - Level 3.2 Dodging
 - Level 0.6 Stealth
 - Level 8.0 Shields
 + Level 0.4 Invocations


You had 10 spell levels left.
You knew the following spells:

 Your Spells              Type           Power        Failure   Level  Hunger
b - Summon Butterflies    Summ           #.......     100%        1    ##.....


Dungeon Overview and Level Annotations

Branches:
Dungeon (14/15)            Temple (1/1) D:4
   Lair: D:8-11         Orc: D:9-12      Vaults: D:13-14

Altars:
Dithmenos
Elyvilon
Fedhas
Gozag
Hepliaklqana
Kikubaaqudgha
Nemelex Xobeh
Okawaru
Qazlal
Ru
Sif Muna
Vehumet
Zin

Shops:
D:5 *


Innate Abilities, Weirdness & Mutations

You reflexively headbutt those who attack you in melee.
You have a pair of horns on your head.
Your mind is acute. (Int +2)
You are frail. (-10% HP)


Message History

You block the phantasmal warrior's attack.
You block the white ugly thing's attack.
The white ugly thing punches you! The white ugly thing freezes you! You resist.
The white ugly thing bites you but does no damage.
The green ugly thing headbutts you but does no damage.
You climb upwards.
There is a stone staircase leading down, spattered with blood here.
As you read the scroll labeled NEATEG LAHE, it crumbles to dust.
It is a scroll of amnesia.
Forget which spell ([?*] list [ESC] exit)?
Your memory of Shock unravels.
The phantasmal warrior hits you!
You block the white ugly thing's attack.
The white ugly thing punches you.
* * * LOW HITPOINT WARNING * * *
The white ugly thing freezes you! You resist.
* * * LOW HITPOINT WARNING * * *
The white ugly thing bites you!
* * * LOW HITPOINT WARNING * * *
The white ugly thing freezes you! You resist.
You die...

#.............
#.............
#.............
#####.............
#.................
#..........#......
#.................
#uu........####...
#@u........# ####
#Wu)..†....# #
#<.........# #
############


You could see 4 ugly things and a phantasmal warrior.

Vanquished Creatures
  Gastronok (D:12)
  Frances (D:13)
  2 vault guards
  A hydra (D:13)
  2 centaur warriors
  2 unseen horrors
  Pikel (D:6)
  2 hill giants
  A cyclops (D:13)
  2 ugly things (D:12)
  A deep elf mage (D:13)
  A kobold demonologist (D:14)
  4 trolls
  3 slime creatures (D:12)
  A shadow (D:11)
  A vampire (D:12)
  The ghost of towersofbeng the Skirmisher, an amateur MiMo (D:6)
  3 wyverns
  A basilisk (D:12)
  A hippogriff (D:14)
  4 vampire mosquitoes (D:14)
  Duvessa (D:6)
  4 ice beasts
  2 sky beasts
  A wasp (D:13)
  2 black bears
  6 orc warriors
  6 centaurs
  8 ogres
  2 crocodiles
  A big kobold (D:11)
  Blork the orc (D:6)
  4 giant frogs
  2 wyvern skeletons
  Dowan (D:6)
  A scorpion (D:5)
  15 killer bees
  5 howler monkeys
  11 wights
  5 crimson imps
  2 centaur zombies
  2 giant frog zombies
  4 hounds
  4 jellies
  3 centaur skeletons
  A gnoll shaman (D:4)
  5 orc wizards
  2 orc priests
  A giant frog skeleton (D:12)
  3 iguanas
  Natasha (thrice) (D:4)
  7 worker ants
  4 sheep (D:13)
  2 worker ant zombies
  3 gnolls (D:4)
  10 adders
  3 river rats (D:10)
  A shadow imp (D:5)
  An adder skeleton (D:8)
  2 worms
  A dart slug (D:4)
  4 giant geckos
  29 orcs
  2 ball pythons (D:4)
  3 bats
  2 giant cockroaches
  5 jackals
  6 kobolds
  4 quokkas
  A giant cockroach zombie (D:5)
  A giant newt (D:4)
  A jackal zombie (D:6)
  2 quokka zombies
  10 rats (D:10)
  2 rat zombies (D:6)
250 creatures vanquished.

Vanquished Creatures (others)
  A slave (D:6)
  A howler monkey (D:6)
  A worker ant (D:6)
  A rat zombie (D:6)
4 creatures vanquished.

Grand Total: 254 creatures vanquished

Notes
Turn   | Place    | Note
-------+----------+-------------------------------------------
     0 | D:1      | towersofbeng the Minotaur Gladiator began the quest for the Orb.
     0 | D:1      | Reached XP level 1. HP: 18/18 MP: 0/0
   157 | D:2      | Reached skill level 4 in Long Blades
   157 | D:2      | Reached XP level 2. HP: 23/25 MP: 1/1
   283 | D:5      | Entered Level 5 of the Dungeon
   286 | D:5      | Reached XP level 3. HP: 28/30 MP: 2/2
   290 | D:5      | Reached skill level 5 in Long Blades
   295 | D:5      | Reached skill level 1 in Armour
   381 | D:5      | Found a deep blue altar of Sif Muna.
   436 | D:5      | Noticed an ogre
   444 | D:5      | Killed an ogre
   444 | D:5      | Reached XP level 4. HP: 38/38 MP: 3/3
   505 | D:5      | Noticed an ogre
   516 | D:5      | Killed an ogre
   516 | D:5      | Reached skill level 6 in Long Blades
   516 | D:5      | Reached XP level 5. HP: 14/46 MP: 4/4
   767 | D:5      | Found a sacrificial altar of Ru.
   774 | D:5      | Found Pofochan's Assorted Antiques.
   835 | D:5      | Found a hazy altar of Hepliaklqana.
  1143 | D:5      | Reached XP level 6. HP: 49/52 MP: 5/5
  1288 | D:6      | Noticed Blork the orc
  1297 | D:6      | Killed Blork the orc
  1297 | D:6      | Reached skill level 5 in Armour
  1326 | D:6      | Reached XP level 7. HP: 55/59 MP: 6/6
  1673 | D:6      | Noticed Duvessa
  1674 | D:6      | Noticed Dowan
  1681 | D:6      | Killed Dowan
  1687 | D:6      | Killed Duvessa
  1747 | D:6      | Noticed Pikel
  1758 | D:6      | Killed Pikel
  1758 | D:6      | Reached XP level 8. HP: 46/66 MP: 7/7
  1867 | D:6      | Found an ancient bone altar of Kikubaaqudgha.
  1941 | D:6      | Reached skill level 7 in Long Blades
  1954 | D:6      | Noticed towersofbeng's ghost (amateur MiMo)
  1967 | D:6      | Killed towersofbeng's ghost
  1967 | D:6      | Reached skill level 5 in Fighting
  2088 | D:6      | Reached skill level 8 in Long Blades
  2910 | D:4      | Reached XP level 9. HP: 78/78 MP: 8/8
  2957 | D:4      | Reached skill level 9 in Long Blades
  2967 | D:4      | Noticed Natasha
  2972 | D:4      | Killed Natasha
  3011 | D:4      | Found a staircase to the Ecumenical Temple.
  3048 | D:4      | Noticed Natasha
  3053 | D:4      | Killed Natasha
  3088 | Temple   | Entered the Ecumenical Temple
  3124 | Temple   | Became a worshipper of Warmaster Okawaru
  3394 | D:4      | Noticed Natasha
  3407 | D:4      | Killed Natasha
  3554 | D:8      | Reached skill level 1 in Shields
  3770 | D:9      | Reached skill level 5 in Shields
  3897 | D:10     | Entered Level 10 of the Dungeon
  4077 | D:10     | Reached * piety under Okawaru
  4124 | D:10     | Noticed a troll
  4138 | D:10     | Killed a troll
  4578 | D:11     | Reached ** piety under Okawaru
  4578 | D:11     | Reached skill level 10 in Long Blades
  4578 | D:11     | Reached XP level 10. HP: 76/86 MP: 9/9
  4598 | D:11     | Noticed a hill giant
  4605 | D:11     | Killed a hill giant
  4925 | D:11     | Reached skill level 11 in Long Blades
  5046 | D:11     | Gained mutation: You are frail. (-10% HP) [mutagenic meat]
  5049 | D:11     | Gained mutation: Your mind is acute. (Int +2) [mutagenic meat]
  5101 | D:11     | Reached *** piety under Okawaru
  5114 | D:11     | Got a shimmering quarterstaff
  5115 | D:11     | Identified the +3 quarterstaff of Sooseor {antimagic, *Confuse rElec rPois rF+} (You found it on level 11 of the Dungeon)
  5170 | D:11     | Learned a level 1 spell: Shock
  5172 | D:11     | Learned a level 1 spell: Summon Butterflies
  5494 | D:11     | Killed an unseen horror
  5494 | D:11     | Reached skill level 12 in Long Blades
  5507 | D:11     | Reached **** piety under Okawaru
  5655 | D:12     | Reached skill level 10 in Fighting
  5732 | D:12     | Noticed a red ugly thing
  5732 | D:12     | Noticed a purple ugly thing
  5738 | D:12     | Reached XP level 11. HP: 78/89 MP: 10/10
  5744 | D:12     | Killed a red ugly thing
  5749 | D:12     | Killed a green ugly thing
  5749 | D:12     | Reached ***** piety under Okawaru
  5749 | D:12     | Reached skill level 13 in Long Blades
  6196 | D:12     | Noticed a centaur warrior
  6196 | D:12     | Noticed Gastronok
  6209 | D:12     | Killed a centaur warrior
  6221 | D:12     | Killed Gastronok
  6221 | D:12     | Reached skill level 14 in Long Blades
  6637 | D:13     | Received a gift from Okawaru
  6932 | D:13     | Noticed Frances
  6939 | D:13     | Got a bone long sword
  6946 | D:13     | Killed Frances
  6946 | D:13     | Reached ****** piety under Okawaru
  6946 | D:13     | Received a gift from Okawaru
  6948 | D:13     | Identified the +6 long sword of the Gloaming {venom, Str+4 Stlth+} (You found it on level 13 of the Dungeon)
  7134 | D:13     | Reached skill level 15 in Long Blades
  7212 | D:14     | Killed an unseen horror
  7212 | D:14     | Reached XP level 12. HP: 52/100 MP: 11/11
  7401 | D:14     | Noticed a centaur warrior
  7410 | D:14     | Killed a centaur warrior
  7423 | D:14     | Received a gift from Okawaru
  7450 | D:14     | Got a pair of shimmering gloves
  7461 | D:14     | Identified the +0 pair of gloves of Responsibility {rPois rC+ rN+} (You found it on level 14 of the Dungeon)
  7473 | D:14     | Noticed a vault guard
  7500 | D:14     | Killed a vault guard
  7506 | D:14     | Noticed a death knight
  7514 | D:14     | Noticed a five-headed hydra
  7529 | D:14     | Noticed a vault guard
  7561 | D:13     | Killed a vault guard
  7561 | D:13     | Reached skill level 16 in Long Blades
  7926 | D:14     | Noticed a vault guard
  7944 | D:13     | Killed a ten-headed hydra
  8155 | D:14     | Noticed a vault guard
  8156 | D:14     | Noticed a vault guard
  8158 | D:13     | HP: 1/103 [white ugly thing (8)]
  8158 | D:13     | Mangled by a white ugly thing

Vault maps used:
D:1:      enne_arrival_octagon_isle
D:2:      nicolae_overflow_crystal_walls
D:3:      lemuel_doored_altar, first_bread
D:4:      hangedman_abyss_or_decor_passed, cheibrodos_gnoll_hut, uniq_natasha,
          uniq_grinder
D:5:      led_sif_book, kennysheep_little_box, lemuel_crystal_altar,
          serial_shops, shop_fountains
D:6:      minmay_diamond_boxcup, lemuel_zombie_altar_kikubaaqudgha,
          uniq_blork_the_orc, uniq_duvessa, uniq_pikel
D:7:      eat_drink_and_be_merry_uskayaw, tso_metal_star
D:8:      special_room, uniq_prince_ribbit1, uniq_psyche
D:9:      grunt_pakellas_mercury, orc_0_dummy, hangedman_little_slice_of_home,
          minmay_misc_feat_plants, minmay_guarded_unrand_finisher
D:10:     grunt_lair_entry_orc_guard_hut
D:11:     special_room
D:12:     minmay_curly_fans, uniq_gastronok
D:13:     statuecave_lemuel, serial_shops,
          nicolae_shop_temple_entry_statues_fountains, uniq_sonja, uniq_frances
D:14:     erik_vaults_2, hangedman_decor_lopped, minmay_crystal_water
Temple:   dshaligram_water_room_temple

Skill      XL: |  1  2  3  4  5  6  7  8  9 10 11 12 |
---------------+-------------------------------------+-----
Long Blades    | 4 5 6 8 10 12 15 16 | 16.3
Armour         | 1 2 3 5 9 |  9.5
Fighting       | 3 4 6 7 10 12 13 | 13.0
Shields        | 8 |  8.0
Throwing       | |  2.0
Dodging        | |  3.2
Stealth        | |  0.6
Invocations    | |  0.4

Action                   |  1- 3 |  4- 6 |  7- 9 | 10-12 || total
-------------------------+-------+-------+-------+-------++-------
Melee: Long sword        |    36 |    78 |   407 |   202 ||   723
       Headbutt          |     8 |    14 |    80 |    91 ||   193
       Great sword       |       |       |       |   180 ||   180
Throw: Throwing net      |     1 |     2 |       |       ||     3
Invok: Finesse           |       |       |       |     1 ||     1
  Use: Potion            |       |       |     6 |     9 ||    15
       Scroll            |       |       |     2 |     3 ||     5
 Stab: Held in net/web   |       |     1 |       |       ||     1
       Invisible         |       |       |     2 |       ||     2
  Eat: Chunk             |       |     1 |    12 |     9 ||    22
       Fruit             |       |       |       |     1 ||     1
       Meat ration       |       |       |       |     1 ||     1
       Pizza             |       |       |       |     1 ||     1
Armor: Leather armour    |     4 |     7 |       |       ||    11
       Chain mail        |       |    14 |   209 |   187 ||   410
Dodge: Dodged            |    16 |    32 |   140 |   128 ||   316
Block: Shield            |       |       |   138 |   151 ||   289
